 Dungeon Crawl Stone Soup version 0.22-a0-406-g9ff8d77 (webtiles) character file.

190539 Leszczynek the Sharpshooter (level 18, 0/126 HPs)
             Began as a Halfling Air Elementalist on May 8, 2018.
             Was a High Priest of Okawaru.
             Slain by a mana viper (8 damage)
             ... on level 2 of the Snake Pit.
             The game lasted 02:33:00 (29021 turns).

Leszczynek the Sharpshooter (HaAE)                 Turns: 29021, Time: 02:33:00

Health: 0/126      AC: 34    Str: 20    XL:     18   Next: 84%
Magic:  1/14       EV: 19    Int: 15    God:    Okawaru [*****.]
Gold:   1445       SH:  0    Dex: 21    Spells: 20/20 levels left

rFire    . . .     SeeInvis +   a - +3 fustibalus of the Lettuce {velocity, Int+4}
rCold    + + .     Gourm    .   (shield restricted)
rNeg     . . .     Faith    .   C - +5 plate armour {MR+} {god gift}
rPois    +         Spirit   .   X - +1 helmet {Int+3}
rElec    +         Reflect  .   W - +2 cloak {rPois} {god gift}
rCorr    .         Harm     .   E - +2 pair of gloves of Hedge Wizardry {+Fly rElec rC++ Int-5}
MR       +++..                  w - +1 pair of boots {run} {god gift}
Stlth    ..........             (no amulet)
HPRegen  0.31/turn              N - ring "Vyixonu" {MP-9 Str+5 Dex+4 SInv}
MPRegen  0.14/turn              V - ring of protection from magic

@: heroism, studying Maces & Flails, quick
A: small, mutation resistance 1
}: 1/15 runes: decaying
a: Heroism, Finesse, Renounce Religion, Evoke Flight


You were on level 2 of the Snake Pit.
You worshipped Okawaru.
Okawaru was extremely pleased with you.
You were not hungry.

You visited 6 branches of the dungeon, and saw 30 of its levels.
You also visited: Sewer and Ice Cave.

You collected 2641 gold pieces.
You spent 1196 gold pieces at shops.

Inventory:

Hand Weapons
 a - the +3 fustibalus of the Lettuce (weapon) {velocity, Int+4}
   (You found it on level 12 of the Dungeon)

   Any stone fired from it inflicts extra damage.
   It affects your intelligence (+4).
 b - a +9 eveningstar of freezing
 c - a +9 triple crossbow of flaming {god gift}
Missiles
 o - 156 sling bullets (quivered)
 p - 132 stones
 G - 4 throwing nets
 P - 297 bolts
Armour
 n - a +2 chain mail of cold resistance {god gift}
 w - a +1 pair of boots of running (worn) {god gift}
 x - a +2 pair of gloves of archery
 C - a +5 plate armour of magic resistance (worn) {god gift}
 E - the +2 pair of gloves of Hedge Wizardry (worn) {+Fly rElec rC++ Int-5}
   (You found it on level 3 of the Lair of Beasts)

   It affects your intelligence (-5).
   It greatly protects you from cold.
   It insulates you from electricity.
   It lets you fly.
 W - a +2 cloak of poison resistance (worn) {god gift}
 X - a +1 helmet of intelligence (worn)
Jewellery
 h - an uncursed ring of positive energy
 N - the ring "Vyixonu" (left hand) {MP-9 Str+5 Dex+4 SInv}
   (You bought it in a shop on level 8 of the Dungeon)

   [ring of see invisible]

   It affects your strength (+5).
   It affects your dexterity (+4).
   It affects your magic capacity (-9).
   It lets you see invisible.
 V - a ring of protection from magic (right hand)
Wands
 e - a wand of digging (8)
 r - a wand of clouds (3)
 H - a wand of iceblast (26)
 L - a wand of scattershot (10)
 T - a wand of acid (6)
Scrolls
 g - 12 scrolls of remove curse {@r2}
 i - a scroll of holy word {!r}
 j - 4 scrolls of blinking
 k - 11 scrolls of teleportation
 q - 2 scrolls of magic mapping
 t - 5 scrolls of identify {@r1}
 v - 6 scrolls of fog
 y - 5 scrolls of immolation {!r}
 A - 5 scrolls of fear
 I - 3 scrolls of silence {!r}
Potions
 f - 8 potions of heal wounds {@q2}
 l - 5 potions of resistance
 m - a potion of magic
 s - 2 potions of invisibility
 u - a potion of cancellation
 z - 14 potions of curing {@q1}
 B - a potion of mutation {!q}
 D - 6 potions of flight
 F - 6 potions of haste
 J - 5 potions of agility
 M - 4 potions of lignification {!q}
 O - 7 potions of might
 Q - a potion of brilliance {unknown}
 R - a potion of ambrosia
Books
 Y - a manual of Maces & Flails
Miscellaneous
 Z - a box of beasts
Comestibles
 d - 49 rations


   Skills:
 - Level 12.1(17.1) Fighting
   Level 1.3(6.3) Short Blades
 + Level 13.1(18.1) Maces & Flails
 - Level 14.0(19.0) Slings
 * Level 20.6(25.6) Crossbows
 - Level 10.0(15.0) Armour
 + Level 9.4(14.4) Dodging
 - Level 2.1(7.1) Stealth
 - Level 1.5 Spellcasting
   Level 0.7 Conjurations
   Level 3.0 Air Magic
 - Level 7.0 Invocations


You had 20 spell levels left.
You didn't know any spells.

Dungeon Overview and Level Annotations

Branches:
Dungeon (15/15)            Temple (1/1) D:7            Lair (6/6) D:10
  Swamp (4/4) Lair:4        Snake (2/4) Lair:3        Slime (0/5) Lair:5
    Orc (2/2) D:10            Elf (0/3) Orc:2
 Vaults: D:13-14     Depths: D:15

Altars:
Ashenzari
Cheibriados
Dithmenos
Elyvilon
Fedhas
Gozag
Hepliaklqana
Kikubaaqudgha
Makhleb
Nemelex Xobeh
Okawaru
Qazlal
Ru
Sif Muna
Trog
Uskayaw
Vehumet
Wu Jian
Xom
Yredelemnul
Zin
Beogh

Shops:
D:5 *   D:8 =   D:9 ?   D:10 ?   D:14 }   Orc:2 !?:[   Snake:2 **([

Portals:
Pandemonium: Orc:2

Annotations:
D:13 vaults
D:14 8h, exclusion: downstairs
D:15 bone dragon roaming
Lair:5 1 runed door (crab vault maybe)


Innate Abilities, Weirdness & Mutations

You are small and have problems with some larger weapons.
You are somewhat resistant to further mutation.


Message History

Press: ? - help, Shift-Dir - straight line, f/p - mana viper
Aim: a mana viper (moderately wounded)
You shoot a sling bullet. The sling bullet misses the mana viper.
The mana viper barely misses you.
Firing (i - inventory. (/) - cycle)
o - 158 sling bullets (quivered)
Press: ? - help, Shift-Dir - straight line, f/p - mana viper
Aim: a mana viper (moderately wounded)
You shoot a sling bullet.
The sling bullet closely misses the mana viper.
The naga ritualist gestures wildly while chanting.
The naga ritualist begins to radiate toxic energy.
The mana viper bites you!
* * * LOW HITPOINT WARNING * * *
Firing (i - inventory. (/) - cycle)
o - 157 sling bullets (quivered)
Press: ? - help, Shift-Dir - straight line, f/p - mana viper
Aim: a mana viper (moderately wounded)
You shoot a sling bullet.
The sling bullet closely misses the mana viper.
The mana viper bites you!
You die...

....))..#...# #.... ##.###
...).......# #.(.. #.(...#
.)####....## ##...###...#...
.## #....#####....##........
##
#............##....N∩.....
#. .
##............#....#...#.
..#. .#
#.............#..........
.#.
................(S.#.∩..8..∩
..
................@#..S.S.....
#.
.#.....#.........#....#...#.
#.
###....#.........##.....∩...
##.
#....#..........##........
##..
##...#...........##...#...
#... #.(.#<.........##
#.....# #### #
#.............### ##. #
#...............####...
####.....................


You could see a naga ritualist and a mana viper.

Vanquished Creatures
  Mara (Swamp:4)
  Saint Roka (Orc:2)
  Gastronok (D:9)
  Kirke (Snake:1)
  3 thorn hunters (Swamp:4)
  Roxanne (Swamp:4)
  Aizul (Swamp:1)
  An orc warlord (Orc:1)
  Louise (Swamp:4)
  A frost giant (IceCv)
  A stone giant (Orc:2)
  Azrael (Orc:2)
  The ghost of p0werm0de the Severer, a journeyman TeBe of Trog (Snake:2)
  Snorg (Lair:5)
  4 naga warriors (Snake:1)
  Fannar (D:11)
  27 hydras
  A ghost crab (Swamp:2)
  A catoblepas (Lair:2)
  3 centaur warriors (D:14)
  6 two-headed ogres
  2 anacondas (Snake:2)
  12 alligators
  A tengu warrior (D:13)
  Urug (D:11)
  4 naga sharpshooters
  4 orc high priests (Orc:2)
  2 spriggan druids
  A gelid demonspawn (Orc:2)
  3 torturous demonspawn (Orc:2)
  A naga ritualist (Snake:1)
  3 shambling mangroves
  A wolf spider zombie (D:15)
  12 swamp dragons
  7 orc knights
  4 oklob plants (Lair:3)
  3 mana vipers
  5 cyclopes
  3 deep elf magi
  14 orc sorcerers
  Maurice (D:10)
  3 salamanders (Snake:1)
  17 elephants
  Joseph (D:10)
  10 black mambas
  2 gargoyles
  2 ice statues (IceCv)
  A rust devil (Orc:2)
  4 naga magi (Snake:1)
  8 centaur skeletons
  13 spiny frogs
  A kobold demonologist (D:12)
  6 komodo dragons
  2 rime drakes (Lair:6)
  2 efreet (D:14)
  An ice devil (Orc:2)
  2 hellwings (Orc:2)
  8 trolls
  8 tyrant leeches
  19 polar bears
  15 blink frogs
  A harpy skeleton (D:15)
  18 dream sheep
  9 hornets
  8 hippogriffs
  8 bog bodies
  9 slime creatures
  2 meliai zombies (D:15)
  A shadow (Swamp:2)
  4 spriggans
  A vampire (D:11)
  2 wyverns
  A wraith (D:10)
  A ynoxinul (Orc:2)
  A fire elemental (Orc:2)
  3 hogs (Snake:1)
  41 yaks
  2 humans (D:13)
  15 vampire mosquitoes
  2 neqoxecs (Orc:2)
  3 hungry ghosts
  2 basilisks
  13 nagas
  11 wargs
  Menkaure (D:5)
  4 insubstantial wisps
  18 swamp worms
  21 hell hounds
  A soldier ant (D:11)
  7 porcupines
  9 water moccasins
  15 swamp drakes
  41 orc warriors
  Purgy (Sewer)
  16 black bears
  4 sky beasts
  11 ice beasts
  6 phantoms
  18 ogres
  2 eyes of draining
  28 wolves
  12 centaurs
  3 big kobolds
  8 crocodiles
  10 bullfrogs
  A wyvern zombie (D:15)
  A wyvern skeleton (D:10)
  5 scorpions
  3 howler monkeys
  10 wights
  3 electric eels
  14 crimson imps
  10 hounds
  A bullfrog zombie (D:7)
  9 centaur zombies
  23 orc priests
  6 jellies
  5 bullfrog skeletons
  5 iguanas
  19 orc wizards
  11 worker ants
  2 hound zombies
  2 hound skeletons
  21 adders
  11 gnolls
  4 shadow imps
  2 adder skeletons
  An adder zombie (D:6)
  8 worms
  4 leopard geckos
  103 orcs
  A giant cockroach (D:3)
  7 goblins
  13 hobgoblins
  4 jackals (D:11)
  9 quokkas
  A ball python (D:6)
  15 bats
  5 frilled lizards
  15 kobolds
  2 leopard gecko skeletons
  A leopard gecko zombie (D:8)
  A quokka zombie (D:7)
  4 rats
  A fungus (Lair:3)
  2 plants
1027 creatures vanquished.

Vanquished Creatures (others)
  A slime creature (Swamp:2)
  8 fungi
  17 plants
26 creatures vanquished.

Grand Total: 1053 creatures vanquished

Notes
Turn   | Place    | Note
-------+----------+-------------------------------------------
     0 | D:1      | Leszczynek the Halfling Air Elementalist began the quest for the Orb.
     0 | D:1      | Reached XP level 1. HP: 11/11 MP: 3/3
     0 | D:1      | mmkay, let's be smart about it this time
     5 | D:1      | AND WEAR AN UNID AMULET ON D:1
     6 | D:1      | faith
     6 | D:1      | meh
   102 | D:1      | Reached skill level 1 in Fighting
   164 | D:1      | Reached XP level 2. HP: 18/18 MP: 2/4
   415 | D:2      | Reached skill level 1 in Short Blades
   566 | D:2      | Reached XP level 3. HP: 24/24 MP: 1/5
   829 | D:1      | Reached skill level 1 in Slings
   945 | D:2      | Reached skill level 2 in Fighting
  1034 | D:2      | Reached skill level 2 in Slings
  1413 | D:3      | Reached XP level 4. HP: 28/29 MP: 6/6
  1658 | D:3      | Reached skill level 3 in Slings
  1792 | D:3      | Found an ancient bone altar of Kikubaaqudgha.
  1948 | D:3      | Reached skill level 4 in Slings
  1994 | D:3      | Reached skill level 5 in Slings
  1994 | D:3      | Reached XP level 5. HP: 22/34 MP: 4/7
  2264 | D:4      | Noticed an ogre
  2275 | D:4      | Killed an ogre
  2275 | D:4      | Reached skill level 6 in Slings
  2275 | D:4      | Reached XP level 6. HP: 39/39 MP: 8/8
  2275 | D:4      | Reached skill level 7 in Slings
  2736 | D:4      | Found a radiant altar of Vehumet.
  2755 | D:4      | Found a glowing drain.
  2795 | Sewer    | Entered a sewer
  2868 | Sewer    | Noticed Purgy
  2879 | Sewer    | Killed Purgy
  2879 | Sewer    | Reached skill level 8 in Slings
  2879 | Sewer    | Reached XP level 7. HP: 42/45 MP: 7/9
  2956 | D:4      | Reached skill level 9 in Slings
  3234 | D:5      | Entered Level 5 of the Dungeon
  3234 | D:5      | Found a bloodstained altar of Trog.
  3256 | D:5      | Found a shimmering altar of Xom.
  3521 | D:5      | Reached skill level 10 in Slings
  3525 | D:5      | Noticed Menkaure
  3530 | D:5      | Killed Menkaure
  3530 | D:5      | Reached XP level 8. HP: 50/50 MP: 10/10
  3606 | D:5      | Found Tigut's General Store.
  3609 | D:5      | Bought a potion of curing for 36 gold pieces
  3609 | D:5      | Bought a scroll of identify for 24 gold pieces
  3609 | D:5      | Bought a +3 ring of protection for 252 gold pieces
  3826 | D:6      | Reached skill level 11 in Slings
  4007 | D:6      | Reached skill level 3 in Fighting
  4210 | D:6      | Reached skill level 12 in Slings
  4524 | D:6      | Reached skill level 4 in Fighting
  4538 | D:6      | Reached skill level 3 in Dodging
  4575 | D:6      | Reached XP level 9. HP: 40/58 MP: 8/11
  4797 | D:6      | Reached skill level 1 in Armour
  5055 | D:7      | Reached skill level 5 in Fighting
  5099 | D:7      | Reached skill level 2 in Armour
  5099 | D:7      | Reached skill level 4 in Dodging
  5321 | D:7      | Found a shadowy altar of Dithmenos.
  5659 | D:7      | Reached skill level 3 in Armour
  5671 | D:7      | Found a staircase to the Ecumenical Temple.
  5697 | Temple   | Entered the Ecumenical Temple
  5727 | Temple   | Became a worshipper of Warmaster Okawaru
  5808 | D:7      | Reached skill level 6 in Fighting
  5945 | D:7      | Found a hide-covered altar of Uskayaw.
  6022 | D:7      | Reached skill level 1 in Maces & Flails
  6220 | D:8      | Reached skill level 5 in Dodging
  6329 | D:8      | Reached * piety under Okawaru
  6329 | D:8      | Reached skill level 2 in Maces & Flails
  6329 | D:8      | Reached XP level 10. HP: 48/69 MP: 9/12
  6377 | D:8      | Found an ornate altar of the Wu Jian Council.
  6497 | D:8      | Reached skill level 4 in Armour
  6705 | D:8      | Reached skill level 3 in Maces & Flails
  6778 | D:8      | Found Sytilyop's Jewellery Shop.
  6803 | D:8      | Bought the ring "Vyixonu" {MP-9 Str+5 Dex+4 SInv} for 220 gold pieces
  7220 | D:9      | Reached skill level 4 in Maces & Flails
  7256 | D:9      | Found Zogo Hifosm's Magic Scroll Boutique.
  7267 | D:9      | Reached skill level 6 in Dodging
  7274 | D:9      | Bought a scroll of fog for 32 gold pieces
  7529 | D:9      | Reached skill level 7 in Fighting
  7539 | D:9      | Reached ** piety under Okawaru
  7715 | D:9      | Noticed Gastronok
  7775 | D:9      | Killed Gastronok
  7775 | D:9      | Reached *** piety under Okawaru
  7775 | D:9      | Reached skill level 6 in Maces & Flails
  7775 | D:9      | Reached skill level 7 in Dodging
  7775 | D:9      | Reached XP level 11. HP: 51/76 MP: 1/13
  7834 | D:9      | Received a gift from Okawaru
  8075 | D:10     | Entered Level 10 of the Dungeon
  8086 | D:10     | Received a gift from Okawaru
  8158 | D:9      | Reached skill level 7 in Maces & Flails
  8263 | D:9      | Reached skill level 8 in Fighting
  8526 | D:10     | Reached skill level 1 in Invocations
  8580 | D:10     | Found a staircase to the Orcish Mines.
  8603 | D:10     | Found a staircase to the Lair.
  8643 | D:10     | Found Jyrred's Magic Scroll Boutique.
  8706 | D:10     | Reached skill level 2 in Invocations
  8755 | D:10     | Bought a scroll of teleportation for 36 gold pieces
  8755 | D:10     | Bought a scroll of fog for 24 gold pieces
  8755 | D:10     | Bought a scroll of noise for 12 gold pieces
  8755 | D:10     | Bought a scroll of random uselessness for 12 gold pieces
  8757 | D:10     | cheap id
  8787 | D:10     | Noticed Joseph
  8802 | D:10     | Killed Joseph
  8802 | D:10     | Reached skill level 3 in Invocations
  8936 | D:10     | Noticed a cyclops
  8963 | D:10     | Killed a cyclops
  8963 | D:10     | Reached **** piety under Okawaru
  8983 | D:10     | Noticed a two-headed ogre
  9017 | D:10     | Killed a two-headed ogre
  9017 | D:10     | Reached skill level 4 in Invocations
  9245 | D:10     | Noticed Maurice
  9265 | D:10     | Killed Maurice
  9265 | D:10     | Received a gift from Okawaru
  9265 | D:10     | Reached skill level 5 in Invocations
  9338 | D:10     | Found a runed door.
  9348 | D:10     | okay
  9348 | D:10     | i should not be opening this
  9348 | D:10     | but fuck it
  9554 | D:10     | Reached skill level 6 in Invocations
  9585 | D:10     | Received a gift from Okawaru
  9716 | D:10     | Noticed a two-headed ogre
  9733 | D:10     | Killed a two-headed ogre
  9733 | D:10     | Received a gift from Okawaru
  9733 | D:10     | Reached skill level 7 in Invocations
  9762 | D:10     | Noticed a cyclops
  9787 | D:10     | Reached XP level 12. HP: 71/82 MP: 8/17
  9841 | D:10     | Found a runed door.
 10001 | D:11     | Reached skill level 8 in Dodging
 10016 | D:11     | Reached skill level 8 in Maces & Flails
 10200 | D:11     | Noticed Fannar
 10232 | D:11     | Killed Fannar
 10309 | D:11     | Noticed Urug
 10337 | D:11     | You fall through a shaft for 3 floors!
 10338 | D:14     | ex dee
 10344 | D:14     | Noticed a centaur warrior
 10450 | D:12     | Found a frozen archway.
 10464 | D:13     | Reached ***** piety under Okawaru
 10464 | D:13     | Received a gift from Okawaru
 10464 | D:13     | Reached skill level 9 in Maces & Flails
 10522 | IceCv    | Entered an ice cave
 10553 | IceCv    | Received a gift from Okawaru
 10646 | IceCv    | Reached skill level 10 in Maces & Flails
 10911 | IceCv    | Received a gift from Okawaru
 11325 | IceCv    | HP: 16/83 [polar bear (3)]
 11540 | IceCv    | Reached skill level 11 in Maces & Flails
 11754 | IceCv    | Noticed a frost giant
 11793 | IceCv    | Killed a frost giant
 11793 | IceCv    | Received a gift from Okawaru
 11793 | IceCv    | Reached XP level 13. HP: 81/88 MP: 2/18
 11794 | IceCv    | >runed triple crossbow
 11794 | IceCv    | for my 0 skill and...
 11794 | IceCv    | oh, +1 apt
 11794 | IceCv    | hmm
 11794 | IceCv    | hmmmmmmmmmmmmmmmmmmmmmmmmmmmmmmmmmm
 11796 | IceCv    | it's +7
 11796 | IceCv    | ok
 11834 | IceCv    | Reached skill level 1 in Crossbows
 11850 | IceCv    | Reached skill level 2 in Crossbows
 12122 | D:12     | Reached skill level 4 in Crossbows
 12410 | D:11     | Reached skill level 5 in Crossbows
 12516 | D:11     | Killed Urug
 12717 | D:11     | Reached skill level 6 in Crossbows
 12828 | D:12     | Got a smoking fustibalus
 12829 | D:12     | Identified the +3 fustibalus of the Lettuce {velocity, Int+4} (You found it on level 12 of the Dungeon)
 13394 | D:13     | Reached skill level 13 in Slings
 13684 | D:13     | Received a gift from Okawaru
 14059 | D:13     | Reached skill level 14 in Slings
 14101 | D:13     | Received a gift from Okawaru
 14101 | D:13     | Reached skill level 7 in Crossbows
 14344 | D:14     | Identified a scroll of acquirement
 14392 | D:14     | Noticed a centaur warrior
 14404 | D:14     | Killed a centaur warrior
 14450 | D:14     | Reached skill level 8 in Crossbows
 14542 | D:14     | Reached skill level 9 in Crossbows
 14634 | D:14     | Found Loijiheg's Gadget Shoppe.
 14776 | D:14     | Killed a centaur warrior
 14776 | D:14     | Received a gift from Okawaru
 14776 | D:14     | Reached XP level 14. HP: 85/94 MP: 10/19
 14863 | D:14     | Reached skill level 10 in Crossbows
 14972 | D:15     | Entered Level 15 of the Dungeon
 15067 | D:15     | Reached skill level 11 in Crossbows
 15233 | D:15     | Noticed a bone dragon
 15234 | D:15     | Found the +9 sword of Zonguldrok {reap}
 15236 | D:15     | uh
 15251 | D:15     | based centaur skeleton
 15340 | D:14     | Reached skill level 12 in Crossbows
 15543 | D:8      | Bought an uncursed ring of protection from magic for 250 gold pieces
 15621 | Orc:1    | Entered Level 1 of the Orcish Mines
 15715 | Orc:1    | Received a gift from Okawaru
 15850 | Orc:1    | Noticed an orc warlord
 15870 | Orc:1    | Killed an orc warlord
 15884 | Orc:1    | Reached skill level 13 in Crossbows
 16123 | Orc:1    | Received a gift from Okawaru
 16327 | Orc:2    | Entered Level 2 of the Orcish Mines
 16411 | Orc:2    | azrael :/
 16417 | Orc:2    | Noticed Azrael
 16516 | Orc:2    | Killed Azrael
 16617 | Orc:2    | Received a gift from Okawaru
 16890 | Orc:2    | Found Dysiwn's Magic Scroll Emporium.
 16897 | Orc:2    | Received a gift from Okawaru
 16897 | Orc:2    | Reached skill level 14 in Crossbows
 16957 | Orc:2    | Found Vaaroraol's Distillery.
 17040 | Orc:2    | Bought a scroll of teleportation for 39 gold pieces
 17040 | Orc:2    | Bought a scroll of blinking for 97 gold pieces
 17040 | Orc:2    | Bought a scroll of teleportation for 39 gold pieces
 17040 | Orc:2    | Bought a scroll of identify for 26 gold pieces
 17040 | Orc:2    | Bought a scroll of blinking for 97 gold pieces
 17108 | Orc:2    | Received a gift from Okawaru
 17108 | Orc:2    | Reached XP level 15. HP: 65/99 MP: 5/20
 17359 | Orc:2    | wait, i had two plate armors with egos in the game so far
 17359 | Orc:2    | and both just happen to be ponderous?
 17359 | Orc:2    | lel
 17591 | Orc:2    | Reached skill level 15 in Crossbows
 17618 | Orc:2    | Received a gift from Okawaru
 17672 | Orc:2    | Reached skill level 9 in Fighting
 17683 | Orc:2    | Found Anaimoki's Antique Armour Shop.
 17683 | Orc:2    | Found Lieqim's Book Boutique.
 17687 | Orc:2    | Found a one-way gate leading to the halls of Pandemonium.
 17690 | Orc:2    | cloak of starlight baby
 17886 | Orc:2    | Found a runed door.
 17956 | Orc:2    | Noticed a stone giant
 17969 | Orc:2    | Killed a stone giant
 17969 | Orc:2    | Received a gift from Okawaru
 17995 | Orc:2    | Noticed Saint Roka
 18404 | Orc:2    | Found a roughly hewn altar of Beogh.
 18498 | Orc:2    | Killed Saint Roka
 18498 | Orc:2    | Received a gift from Okawaru
 18498 | Orc:2    | Received a gift from Okawaru
 18498 | Orc:2    | Reached skill level 16 in Crossbows
 18685 | Orc:2    | Found a staircase to the Elven Halls.
 18875 | D:8      | hm, but is this amulet really that good
 18875 | D:8      | shouldn't i wait for the cloak instead
 18875 | D:8      | ok, let's do that
 18960 | Lair:1   | Entered Level 1 of the Lair of Beasts
 20029 | Lair:2   | Reached skill level 10 in Fighting
 20360 | Lair:3   | Found a staircase to the Snake Pit.
 20469 | Lair:3   | Reached XP level 16. HP: 103/109 MP: 9/21
 21058 | Lair:3   | Reached skill level 17 in Crossbows
 21071 | Lair:3   | Received a gift from Okawaru
 21105 | Lair:3   | Got a pair of spiked gloves
 21116 | Lair:3   | Identified the +2 pair of gloves of Hedge Wizardry {+Fly rElec rC++ Int-5} (You found it on level 3 of the Lair of Beasts)
 21462 | Lair:4   | Found a staircase to the Swamp.
 21810 | Lair:5   | Noticed Snorg
 21821 | Lair:5   | Killed Snorg
 21933 | Lair:5   | Reached skill level 5 in Armour
 21953 | Lair:5   | Found a runed door.
 22210 | Lair:5   | Found a staircase to the Slime Pits.
 22368 | Lair:6   | Entered Level 6 of the Lair of Beasts
 22746 | Lair:6   | Reached skill level 6 in Armour
 22983 | Lair:6   | Reached skill level 11 in Fighting
 23136 | Lair:6   | Reached skill level 18 in Crossbows
 23162 | Lair:6   | Reached ****** piety under Okawaru
 23162 | Lair:6   | Received a gift from Okawaru
 23674 | Lair:6   | Reached skill level 7 in Armour
 23674 | Lair:6   | Reached XP level 17. HP: 104/117 MP: 13/22
 23816 | Swamp:1  | Entered Level 1 of the Swamp
 24121 | Swamp:1  | Received a gift from Okawaru
 24245 | Swamp:1  | Noticed Aizul
 24275 | Swamp:1  | Killed Aizul
 24737 | Swamp:2  | Reached skill level 8 in Armour
 24985 | Swamp:2  | Received a gift from Okawaru
 25344 | Swamp:2  | Reached skill level 19 in Crossbows
 26210 | Swamp:4  | Entered Level 4 of the Swamp
 26258 | Swamp:4  | Noticed Louise
 26265 | Swamp:4  | Noticed a thorn hunter
 26289 | Swamp:4  | Killed Louise
 26289 | Swamp:4  | Reached skill level 12 in Fighting
 26301 | Swamp:4  | Killed a thorn hunter
 26301 | Swamp:4  | Reached skill level 9 in Armour
 26306 | Swamp:4  | Noticed Roxanne
 26325 | Swamp:4  | Killed Roxanne
 26502 | Swamp:4  | Noticed Mara
 26597 | Swamp:4  | Killed Mara
 26597 | Swamp:4  | Reached XP level 18. HP: 82/126 MP: 6/23
 26780 | Swamp:4  | Reached skill level 12 in Maces & Flails
 26798 | Swamp:4  | Received a gift from Okawaru
 26875 | Swamp:4  | Received a gift from Okawaru
 27015 | Swamp:4  | Identified a +0 pair of boots of running {god gift} (Okawaru gifted it to you on level 4 of the Swamp)
 27093 | Swamp:4  | Reached skill level 20 in Crossbows
 27108 | Swamp:4  | Reached skill level 10 in Armour
 27129 | Swamp:4  | Got a decaying rune of Zot
 27291 | Swamp:4  | thorn hunter in two shots
 27590 | Snake:1  | Entered Level 1 of the Snake Pit
 27929 | Snake:1  | Noticed Kirke
 27935 | Snake:1  | Killed Kirke
 28150 | Snake:1  | Reached skill level 9 in Dodging
 28793 | Snake:2  | Reached skill level 13 in Maces & Flails
 28866 | Snake:2  | Noticed p0werm0de's ghost (journeyman TeBe)
 28873 | Snake:2  | Killed p0werm0de's ghost
 28988 | Snake:2  | Found Jothriev's Antique Weapon Shop.
 28988 | Snake:2  | Found Ososi's Assorted Antiques.
 28989 | Snake:2  | Found Jomurioxi's Assorted Antiques.
 28991 | Snake:2  | Found Causuho's Armour Shop.
 29016 | Snake:2  | HP: 19/126 [mana viper (15)]
 29020 | Snake:2  | HP: 8/126 [mana viper (11)]
 29021 | Snake:2  | Slain by a mana viper

Vault maps used:
D:1:      lightli_arrival_statuegarden, nrook_mini_vaults, serial_bayou_pond_e,
          hangedman_decor_riveting
D:2:      serial_forest, infiniplex_forest_lined_room_2,
          infiniplex_forest_end_2, infiniplex_forest_corner_1,
          infiniplex_forest_clump_curved, infiniplex_forest_straight_5,
          infiniplex_forest_clump_small, minmay_tetromino_o4
D:3:      marbit_many_paths
D:4:      vehumet_crystals, cheibrodos_sewer_entry_bend, first_ration
D:5:      bloody_trog, lemuel_crystal_altar, serial_shops, kennysheep_mini_moat,
          item_on_display_a, uniq_menkaure
D:7:      lemuel_crystal_altar, minmay_temple_entry_statues_fountains,
          grunt_ogre_cave, st_stairs_4, nicolae_dithmenos_through_a_glass_darkly
D:8:      old_standard_altar, serial_shops, shop, st_stairs_13,
          eino_small_chamber_without_monster, grunt_ministairs_14
D:9:      serial_shops, nicolae_shop_behind_doors, uniq_gastronok
D:10:     cheibrodos_histonic, lair_entry_dummy, serial_shops,
          nicolae_shop_statue_plus, serial_bayou_crossing, uniq_joseph,
          uniq_maurice
D:11:     lightli_orcish_oven, uniq_urug, uniq_fannar
D:12:     portal_ice_cave_entry_ice_beasts
D:13:     grunt_vaults_entry_tiered
D:14:     nicolae_lava_and_water, serial_shops,
          nicolae_shop_competitors_out_of_business, minivault_23
D:15:     hangedman_depths_entry_try_elsewhere_first,
          minmay_guarded_unrand_zonguldrok
Temple:   nicolae_temple_x_marks_the_god
Lair:1:   minmay_lair_venomous_thicket, serial_bayou, serial_bayou_lagoon_b,
          serial_bayou_lagoon_a, serial_bayou_pond_e, serial_bayou_shore_a
Lair:2:   serial_bayou_shore_b, infiniplex_staircase_pool
Lair:3:   guppyfry_snake_entry_garden, minmay_lair_oklob_chamber
Lair:4:   swamp_mist_pool, minivault_19, beast_lair_carwin_7
Lair:5:   gammafunk_mikee_crab_dinner, slime_dummy, st_stairs_10, uniq_snorg
Lair:6:   hangedman_lair_caniforms_friends
Swamp:1:  evilmike_swamp_ruin_rubble_2, uniq_aizul
Swamp:2:  evilmike_swamp_ruin_house_4
Swamp:3:  evilmike_swamp_ruin_house_3, nicolae_swamp_dense_foliage
Swamp:4:  swamp, uniq_mara, uniq_roxanne, uniq_louise
Snake:1:  uniq_kirke
Snake:2:  grunt_megastairs_3, minmay_shoptagon, serial_bayou_shore_b
Orc:2:    pf_orc_diabolical, lightli_church_of_beogh, uniq_saint_roka,
          uniq_azrael
Sewer:    sewer_big_baddie
IceCv:    ice_cave_small_giant

Skill      XL: |  1  2  3  4  5  6  7  8  9 10 11 12 13 14 15 16 17 18 |
---------------+-------------------------------------------------------+-----
Fighting       | 1 2 4 6 7 8 10 11 12 | 12.1
Short Blades   | 1 |  1.3
Slings         | 2 5 6 8 10 12 14 | 14.0
Dodging        | 3 5 7 8 9 |  9.4
Armour         | 3 4 7 9 10 | 10.0
Maces & Flails | 2 6 7 11 13 | 13.1
Invocations    | 7 |  7.0
Crossbows      | 9 14 16 18 19 20 | 20.6
Stealth        | |  2.1
Spellcasting   | |  1.5
Conjurations   | |  0.7
Air Magic      | |  3.0

Action                   |  1- 3 |  4- 6 |  7- 9 | 10-12 | 13-15 | 16-18 || total
-------------------------+-------+-------+-------+-------+-------+-------++-------
Melee: Dagger            |   134 |     7 |       |       |       |       ||   141
       Unarmed           |     1 |       |       |       |       |       ||     1
       Short sword       |       |    77 |    29 |       |       |       ||   106
       Morningstar       |       |       |     8 |   293 |   183 |     6 ||   490
       Whip              |       |       |       |   181 |    14 |       ||   195
       Punch             |       |       |       |    10 |       |       ||    10
       Eveningstar       |       |       |       |       |       |     3 ||     3
 Fire: Hunting sling     |    75 |   146 |   665 |   867 |    68 |       ||  1821
       Fustibalus        |       |       |       |       |  1408 |  1921 ||  3329
       Triple crossbow   |       |       |       |       |     7 |    35 ||    42
Throw: Stone             |     2 |       |       |       |       |       ||     2
 Cast: Shock             |    24 |       |       |       |       |       ||    24
Invok: Heroism           |       |       |       |    22 |    35 |    27 ||    84
       Finesse           |       |       |       |     1 |     4 |     6 ||    11
Evoke: Wand              |       |     3 |       |     5 |     3 |       ||    11
  Use: Scroll            |       |     2 |     8 |     4 |    14 |    18 ||    46
       Potion            |       |       |       |     1 |     3 |     1 ||     5
 Stab: Sleeping          |     3 |     2 |       |       |       |       ||     5
       Distracted        |       |       |     1 |       |       |       ||     1
  Eat: Chunk             |     2 |     5 |    10 |    21 |    20 |    16 ||    74
       Ration            |       |       |       |       |     2 |     3 ||     5
Armor: Robe              |    11 |       |       |       |       |       ||    11
       Ring mail         |    31 |    44 |    32 |       |       |       ||   107
       Scale mail        |       |       |    51 |   211 |   208 |     9 ||   479
       Plate armour      |       |       |       |       |       |   451 ||   451
Dodge: Dodged            |   120 |   117 |   141 |   617 |   572 |   577 ||  2144

Table legend:
 A = Spawn XP
 B = Non-spawn XP
 C = Spawn XP percentage of total XP
 D = Spawn monster count
 E = Non-spawn monster count
 F = Spawn count percentage of total count
 G = Total turns spent on level
                    A         B        C        D         E        F      G
               +---------+---------+-------+---------+---------+-------+---------
         Total |       0 |  256349 |   0.0 |       0 |    1025 |   0.0 | 29021
               +---------+---------+-------+---------+---------+-------+---------
           D:1 |       0 |      24 |   0.0 |       0 |      14 |   0.0 |   600
           D:2 |       0 |      43 |   0.0 |       0 |      20 |   0.0 |   792
           D:3 |       0 |     124 |   0.0 |       0 |      30 |   0.0 |   737
           D:4 |       0 |     386 |   0.0 |       0 |      15 |   0.0 |   970
           D:5 |       0 |     481 |   0.0 |       0 |       8 |   0.0 |   667
           D:6 |       0 |    1112 |   0.0 |       0 |      32 |   0.0 |  1028
           D:7 |       0 |    1164 |   0.0 |       0 |      22 |   0.0 |  1103
           D:8 |       0 |    1363 |   0.0 |       0 |      35 |   0.0 |  1046
           D:9 |       0 |    4566 |   0.0 |       0 |      31 |   0.0 |  1519
          D:10 |       0 |    7365 |   0.0 |       0 |      41 |   0.0 |  1706
          D:11 |       0 |    4258 |   0.0 |       0 |      35 |   0.0 |  1072
          D:12 |       0 |    3100 |   0.0 |       0 |      22 |   0.0 |   673
          D:13 |       0 |    6470 |   0.0 |       0 |      45 |   0.0 |  1011
          D:14 |       0 |   10729 |   0.0 |       0 |      41 |   0.0 |   915
          D:15 |       0 |    6759 |   0.0 |       0 |      17 |   0.0 |   304
        Lair:1 |       0 |    6315 |   0.0 |       0 |      38 |   0.0 |   751
        Lair:2 |       0 |    3934 |   0.0 |       0 |      13 |   0.0 |   559
        Lair:3 |       0 |    9757 |   0.0 |       0 |      30 |   0.0 |  1141
        Lair:4 |       0 |    3730 |   0.0 |       0 |      14 |   0.0 |   517
        Lair:5 |       0 |    9274 |   0.0 |       0 |      28 |   0.0 |   635
        Lair:6 |       0 |   24256 |   0.0 |       0 |      95 |   0.0 |  1404
       Swamp:1 |       0 |   10899 |   0.0 |       0 |      21 |   0.0 |   647
       Swamp:2 |       0 |   17295 |   0.0 |       0 |      42 |   0.0 |  1065
       Swamp:3 |       0 |    9819 |   0.0 |       0 |      28 |   0.0 |   745
       Swamp:4 |       0 |   41926 |   0.0 |       0 |      56 |   0.0 |  1166
       Snake:1 |       0 |   15649 |   0.0 |       0 |      31 |   0.0 |   892
       Snake:2 |       0 |    8061 |   0.0 |       0 |      13 |   0.0 |   539
         Orc:1 |       0 |    7268 |   0.0 |       0 |      43 |   0.0 |   718
         Orc:2 |       0 |   31250 |   0.0 |       0 |     124 |   0.0 |  2391
         Sewer |       0 |     141 |   0.0 |       0 |       6 |   0.0 |   135
         IceCv |       0 |    8831 |   0.0 |       0 |      35 |   0.0 |  1532
               +---------+---------+-------+---------+---------+-------+---------
